 Dungeon Crawl Stone Soup version 0.24-a0-355-gbe4061de67 (webtiles) character file.

Game seed: 15745915084528387569

221 Borgoz the Ruffian (level 5, -6/45 (46) HPs)
             Began as a Ghoul Monk on May 24, 2019.
             Mangled by Sigmund
             ... wielding a +0 scythe
              (8 damage)
             ... on level 3 of the Dungeon.
             The game lasted 00:03:34 (2069 turns).

Borgoz the Ruffian (Ghoul Monk)                     Turns: 2069, Time: 00:03:34

HP:   -6/45 (46)    AC:  8    Str: 16    XL:     5   Next: 98%
MP:   4/4           EV:  8    Int: 10    God:
Gold: 130           SH:  0    Dex: 11    Spells: 4/4 levels left

rFire    . . .     SeeInvis .     - Unarmed
rCold    + . .     Gourm    .   (no shield)
rNeg     + + +     Faith    .   n - +0 chain mail
rPois    ∞         Spirit   .   (no helmet)
rElec    .         Reflect  .   (no cloak)
rCorr    .         Harm     .   (no gloves)
MR       .....                  (no boots)
Stlth    ..........             (no amulet)
HPRegen  0.00/turn              c - ring of flight
MPRegen  0.09/turn              (no ring)

@: brilliant, very slightly contaminated, rotting, invisible
A: rotting body, claws 1, carnivore, cold resistance 1, negative energy
resistance 3, inhibited regeneration, torment resistance, unbreathing
a: Evoke Flight


You were on level 3 of the Dungeon.
You were not hungry.

You visited 1 branch of the dungeon, and saw 3 of its levels.

You collected 130 gold pieces.

Inventory:

Hand Weapons
 g - a +0 dagger of electrocution
Armour
 n - a +0 chain mail (worn)
Jewellery
 c - a ring of flight (left claw)
 l - an uncursed ring of fire
Scrolls
 e - a scroll of random uselessness {unknown}
 f - 2 scrolls of magic mapping {unknown}
 h - 4 scrolls of amnesia
 j - 2 scrolls of remove curse
 k - a scroll of teleportation {unknown}
 m - a scroll of identify {unknown}
Comestibles
 a - 4 chunks of flesh
 b - 2 rations


   Skills:
 + Level 4.0 Fighting
 * Level 2.5 Armour
 * Level 3.9 Dodging
 - Level 2.1 Stealth
 * Level 4.5 Unarmed Combat


You had 4 spell levels left.
You didn't know any spells.
Your spell library was empty.

Dungeon Overview and Level Annotations

Branches:
Dungeon (3/15)

Altars:
Vehumet

Annotations:
D:3 Sigmund


Innate Abilities, Weirdness & Mutations

Your body is rotting away.
You thrive on raw meat.
You are immune to poison.
You have sharp fingernails.
You are carnivorous and can eat meat at any time.
Your flesh is cold resistant. (rC+)
You are immune to negative energy. (rN+++)
You do not regenerate when monsters are visible.
You are immune to unholy pain and torment.
You can survive without breathing.


Message History

It was a potion of brilliance.
You feel clever all of a sudden. Something hits you.
* * * LOW HITPOINT WARNING * * *
You feel better. Something hits you.
* * * LOW HITPOINT WARNING * * *
You see here a quokka corpse.
You feel better. Something hits you.
Found a runed hunting sling.
You closely miss something.
You feel your flesh rotting away. Something hits you!
* * * LOW HITPOINT WARNING * * *
You barely miss something. Something hits you but does no damage.
You closely miss something. You closely miss something.
Something hits you but does no damage.
You barely miss something. You miss something. Something hits you!
You die...

.................# # #.#
................# #. #.#
...........###..##.##
....................#
)..........####.##..####
...........# #..#......
...........# #.........
...........# #.........
......{@...# #.#.......
........†..# #.#.......
##########'####.#..####+
#.........>#♣♣♣.
#........###♣..♣
#..........#♣.♣.
#........#.'.♣.♣
#........###♣.♣.
#....)...# ♣..♣


There were no monsters in sight!

Vanquished Creatures
  3 orc priests (D:3)
  An orc wizard (D:3)
  3 adders
  3 worms (D:2)
  A dart slug (D:1)
  2 leopard geckos
  9 orcs (D:3)
  5 bats
  2 giant cockroaches (D:3)
  2 goblins (D:1)
  3 hobgoblins
  9 jackals
  10 kobolds
  A quokka (D:3)
  5 frilled lizards
  4 rats
63 creatures vanquished.

Notes
Turn   | Place    | Note
-------+----------+-------------------------------------------
     0 | D:1      | Borgoz the Ghoul Monk began the quest for the Orb.
     0 | D:1      | Reached XP level 1. HP: 19/19 MP: 0/0
   106 | D:1      | Reached XP level 2. HP: 26/26 MP: 1/1
   507 | D:1      | Reached skill level 1 in Armour
   888 | D:2      | Reached XP level 3. HP: 31/31 MP: 2/2
  1391 | D:2      | Reached XP level 4. HP: 38/38 MP: 3/3
  1742 | D:3      | Reached XP level 5. HP: 29/46 MP: 4/4
  1775 | D:3      | Found a radiant altar of Vehumet.
  2046 | D:3      | Noticed Sigmund
  2064 | D:3      | HP: 2/45 [something (12)]
  2069 | D:3      | Mangled by Sigmund

Levels and vault maps discovered:
D:1:      psy_arrival_radial02, layout_basic
D:2:      layout_rooms
D:3:      layout_basic, overflow_temple_1_default, first_ration,
          kennysheep_generic_room_10, uniq_sigmund

Skill      XL: |  1  2  3  4  5 |
---------------+----------------+-----
Dodging        | 3 |  3.9
Armour         | 1 2 |  2.5
Unarmed Combat | 4 |  4.5
Fighting       | 4 |  4.0
Stealth        | |  2.1

Action                   |  1- 3 |  4- 6 || total
-------------------------+-------+-------++-------
Melee: Unarmed           |   112 |   117 ||   229
       Punch             |     1 |       ||     1
  Use: Potion            |       |     5 ||     5
       Scroll            |       |     2 ||     2
 Stab: Sleeping          |     3 |       ||     3
  Eat: Chunk             |     1 |     4 ||     5
Armor: Robe              |    13 |       ||    13
       Chain mail        |       |    54 ||    54
Dodge: Dodged            |    65 |    36 ||   101

Table legend:
 A = Non-vault XP
 B = Vault XP
 C = Vault XP percentage of total XP
 D = Non-vault monster count
 E = Vault monster count
 F = Vault count percentage of total count
                 A         B        C        D         E       F
            +---------+---------+-------+---------+---------+-------
      Total |     317 |       0 |   0.0 |      63 |       0 |   0.0
            +---------+---------+-------+---------+---------+-------
        D:1 |      33 |       0 |   0.0 |      18 |       0 |   0.0
        D:2 |      53 |       0 |   0.0 |      19 |       0 |   0.0
        D:3 |     231 |       0 |   0.0 |      26 |       0 |   0.0
            +---------+---------+-------+---------+---------+-------
